 Dungeon Crawl Stone Soup version 0.20-a0-1026-gc3ddcbd (webtiles) character file.

719 theAP the Ruffian (level 7, -5/71 HPs)
             Began as a Troll Fighter on Apr 20, 2017.
             Slain by an ogre
             ... wielding a +0 giant club
              (17 damage)
             ... on level 5 of the Dungeon.
             The game lasted 00:04:48 (2587 turns).

theAP the Ruffian (Troll Fighter)                   Turns: 2587, Time: 00:04:49

Health: -5/71      AC:  7    Str: 25    XL:     7   Next: 42%
Magic:  6/6        EV:  8    Int:  4    God:
Gold:   260        SH:  9    Dex: 11    Spells: 6/6 levels left

rFire    + . .     SeeInvis .     - Unarmed
rCold    . . .     Gourm    +   b - +0 shield
rNeg     . . .     Faith    .   a - +0 robe
rPois    +         Spirit   .   (helmet restricted)
rElec    .         Reflect  .   (no cloak)
rCorr    .         Harm     .   (gloves unavailable)
MR       .....     Clarity  +   (boots unavailable)
Stlth    +.........             (no amulet)
Regen    0.7/turn               l - ring of protection from fire
MPRegen  0.1/turn               o - ring of poison resistance

@: no status effects
A: unfitting armour, claws 3, slimy green scales 1, clarity, fast metabolism 3,
gourmand, regeneration 1, shaggy fur 1, tough skin 2
a: no special abilities


You were on level 5 of the Dungeon.
You were completely stuffed.

You visited 1 branch of the dungeon, and saw 5 of its levels.

You collected 260 gold pieces.

Inventory:

Armour
 a - a +0 robe (worn)
 b - a +0 shield (worn)
Jewellery
 l - a ring of protection from fire (left claw)
 o - a ring of poison resistance (right claw)
 s - an uncursed ring of stealth
 w - an uncursed ring of loudness
Scrolls
 e - a scroll of immolation {unknown}
 g - a scroll of amnesia
 h - a scroll of remove curse
 i - a scroll of recharging
 k - 4 scrolls of fear {unknown}
 m - 2 scrolls of magic mapping {unknown}
 p - a scroll of identify
 q - a scroll of noise
 u - a scroll of fog {unknown}
 v - a scroll of teleportation {unknown}
Potions
 c - a potion of might
 j - a potion of ambrosia {unknown}
 n - 2 potions of degeneration {unknown}
 x - a potion of flight {unknown}
Comestibles
 d - 6 bread rations
 f - 10 fruits
 r - a royal jelly
 t - 10 chunks of flesh


   Skills:
 + Level 4.7 Fighting
 - Level 2.4 Dodging
 - Level 2.4 Shields
 * Level 6.9 Unarmed Combat


You had 6 spell levels left.
You didn't know any spells.

Dungeon Overview and Level Annotations

Branches:
Dungeon (5/15)
 Temple: D:4-7

Altars:
Xom


Innate Abilities, Weirdness & Mutations

You are too large for most types of armour.
You have claws for hands.
Your metabolism is lightning-fast.
You like to eat raw meat.
Your natural rate of healing is unusually fast.
You are covered in fur. (AC +1)
You have very tough skin. (AC +2)
You are partially covered in slimy green scales. (AC +2)
You possess an exceptional clarity of mind.


Message History

The ogre shouts!
You barely miss the ogre. The ogre hits you with a giant club!!
You claw the ogre!
The ogre is moderately wounded.
The ogre hits you with a giant club!
You are too injured to fight recklessly!
You are too injured to fight recklessly!
You are too injured to fight recklessly!
You are too injured to fight recklessly!
You are too injured to fight recklessly!
You claw the ogre!
The ogre is severely wounded.
The ogre hits you with a giant club!
* * * LOW HITPOINT WARNING * * *
You barely miss the ogre.
The ogre is severely wounded.
You barely miss the ogre.
The ogre is severely wounded.
The ogre hits you with a giant club!
You die...

..# #.# ..#
###.# #...#
# #.#.#
.#### ##
#...#.....#
#. #.#@O..#
#. #...#..#
.. #)#.# .#
# #...# ..
# ###.# #.
# #..(# # #
#.#.# #.#
#.. #...#
#.# ###
#[#.#
###.###


You could see an ogre.

Vanquished Creatures
  Sigmund (D:3)
  2 ogres (D:4)
  A centaur (D:5)
  Terence (D:2)
  An orc wizard (D:3)
  3 worker ants
  7 gnolls
  3 adders
  4 oozes
  A worm (D:3)
  2 dart slugs
  3 leopard geckos
  4 orcs (D:3)
  2 ball pythons (D:2)
  3 bats
  2 giant cockroaches
  8 goblins
  9 hobgoblins
  8 jackals
  7 kobolds
  3 quokkas
  7 frilled lizards
  A quokka skeleton (D:5)
  7 rats
90 creatures vanquished.

Notes
Turn   | Place    | Note
-------+----------+-------------------------------------------
     0 | D:1      | theAP the Troll Fighter began the quest for the Orb.
     0 | D:1      | Reached XP level 1. HP: 22/22 MP: 0/0
   199 | D:1      | Reached XP level 2. HP: 29/29 MP: 1/1
   282 | D:1      | Found an iron altar of Okawaru.
   284 | D:1      | Found an ornate altar of the Wu Jian Council.
   284 | D:1      | Found a deep blue altar of Sif Muna.
   286 | D:1      | Found a shimmering altar of Xom.
   286 | D:1      | Found a shimmering altar of Xom.
   286 | D:1      | Found a radiant altar of Vehumet.
   618 | D:2      | Reached skill level 3 in Unarmed Combat
   628 | D:2      | Reached XP level 3. HP: 36/36 MP: 2/2
  1305 | D:2      | Noticed Terence
  1312 | D:2      | Killed Terence
  1312 | D:2      | Reached XP level 4. HP: 37/45 MP: 3/3
  1346 | D:3      | Reached skill level 4 in Unarmed Combat
  1456 | D:3      | Noticed Sigmund
  1466 | D:3      | Killed Sigmund
  1466 | D:3      | Reached skill level 5 in Unarmed Combat
  1466 | D:3      | Reached XP level 5. HP: 39/54 MP: 4/4
  1469 | D:3      | Reached XP level 6. HP: 33/62 MP: 5/5
  1886 | D:4      | Gained mutation: You have a pair of small antennae on your head. [potion of mutation]
  1886 | D:4      | Gained mutation: Your flesh is cold resistant. (rC+) [potion of mutation]
  1886 | D:4      | Gained mutation: You are weak. (Str -2) [potion of mutation]
  1886 | D:4      | Gained mutation: You are robust. (+10% HP) [potion of mutation]
  1887 | D:4      | Lost mutation: You are weak. (Str -2) [potion of mutation]
  1887 | D:4      | Lost mutation: You are robust. (+10% HP) [potion of mutation]
  1887 | D:4      | Lost mutation: Your flesh is cold resistant. (rC+) [potion of mutation]
  1887 | D:4      | Gained mutation: You are partially covered in slimy green scales. (AC +2) [potion of mutation]
  1887 | D:4      | Lost mutation: You have a pair of small antennae on your head. [potion of mutation]
  1887 | D:4      | Gained mutation: You possess an exceptional clarity of mind. [potion of mutation]
  1933 | D:4      | Reached skill level 6 in Unarmed Combat
  2223 | D:4      | Reached XP level 7. HP: 60/71 MP: 6/6
  2436 | D:5      | Entered Level 5 of the Dungeon
  2587 | D:5      | Slain by an ogre

Vault maps used:
D:1:      matt_arrival_grand_opening, doesnt_xom_only_xom
D:2:      first_bread, uniq_terence
D:3:      kennysheep_generic_room_5, uniq_sigmund
D:4:      minmay_small_thing
D:5:      chequers_temple_overflow_minitemple, nicolae_ru_path_of_blood,
          hangedman_minor_gate_pass

Skill      XL: |  1  2  3  4  5  6 |
---------------+-------------------+-----
Unarmed Combat | 3 5 6 |  6.9
Fighting       | 3 4 |  4.7
Dodging        | |  2.4
Shields        | |  2.4

Action                   |  1- 3 |  4- 6 |  7- 9 || total
-------------------------+-------+-------+-------++-------
Melee: Unarmed           |   116 |    89 |    38 ||   243
  Use: Scroll            |       |     7 |       ||     7
       Potion            |       |     2 |       ||     2
 Stab: Sleeping          |     1 |     1 |       ||     2
  Eat: Chunk             |    16 |     8 |     5 ||    29
Armor: Robe              |    46 |    26 |     5 ||    77
Dodge: Dodged            |    37 |    19 |     8 ||    64
Block: Shield            |    41 |    33 |    18 ||    92
